 Dungeon Crawl Stone Soup version 0.31-a0-231-g51bb95cda3 (webtiles) character file.

Game seed: 11331307688444897666

278 qw the Shooter (level 6, -1/51 HPs)
             Began as a Minotaur Hexslinger on July 6, 2023.
             Slain by a lemure (2 damage)
             ... led by Pikel
             ... on level 4 of the Dungeon.
             The game lasted 00:01:11 (2636 turns).

qw the Shooter (Minotaur Hexslinger)                Turns: 2636, Time: 00:01:12

Health: -1/51      AC:  8    Str: 12    XL:     6   Next: 5%
Magic:  6/6        EV: 11    Int: 10    God:
Gold:   122        SH:  0    Dex: 15    Spells: 6/7 levels left

rFire   . . .        Y - +1 sling (flame)
rCold   . . .        (no shield)
rNeg    . . .        h - +0 ring mail
rPois   .            c - +1 hat
rElec   .            (no cloak)
rCorr   .            j - +0 pair of gloves
SInv    .            i - +0 pair of boots
Will    .....        (no amulet)
Stlth   +            (no ring)
HPRegen 0.28/turn    (no ring)
MPRegen 0.10/turn

%: no passive effects
@: no status effects
A: horns 2, retaliatory headbutt
a: no special abilities


You were on level 4 of the Dungeon.
You visited 1 branch of the dungeon, and saw 4 of its levels.

You collected 122 gold pieces.


Innate Abilities, Weirdness & Mutations

You have a pair of horns on your head.
You reflexively headbutt those who attack you in melee.


   Skills:
 + Level 3.3 Fighting
 - Level 6.0 Ranged Weapons
 - Level 2.0 Armour
 - Level 2.1 Dodging
 - Level 1.0 Spellcasting
 - Level 2.0 Hexes


You had 6 spell levels left.
You knew the following spells:

 Your Spells              Type           Power      Damage    Failure   Level
a - Slow                  Hex            16%        N/A       32%         1

Your spell library contained the following spells:

 Spells                   Type           Power      Damage    Failure   Level
 Inner Flame              Hex/Fire       2%         N/A       83%         3
 Portal Projectile        Hex/Tloc       4%         N/A       83%         3
 Cause Fear               Hex            2%         N/A       97%         4

Inventory:

Hand Weapons
 Y - a +1 sling of flaming (weapon)
Armour
 c - a +1 hat (worn)
 h - a +0 ring mail (worn)
 i - a +0 pair of boots (worn)
 j - a +0 pair of gloves (worn)
Scrolls
 a - a scroll of identify
Potions
 d - a potion of attraction {unknown}
 f - a potion of curing
 g - a potion of cancellation {unknown}

Dungeon Overview and Level Annotations

Branches:
Dungeon (4/15)
 Temple: D:4-7

Altars:
Dithmenos
Fedhas
Hepliaklqana

Annotations:
D:4 Ijyb, Pikel, Sigmund


Message History

A hobgoblin comes into view.
Pikel hits you but does no damage. Something hits you.
You shoot a sling bullet.
The sling bullet closely misses the lemure.
The hobgoblin shouts!
Pikel closely misses you. The lemure closely misses you.
You furiously retaliate!
You headbutt the lemure. You shoot a sling bullet.
The sling bullet hits the lemure!
The sling bullet burns the lemure.
The lemure is almost dead.
Pikel says, "You'll freeze in Cocytus!"
Pikel zaps a wand.
The puff of flame misses you.
The puff of flame hits something!
The lemure barely misses you. You furiously retaliate!
You headbutt the lemure. The lemure barely misses you.
Something hits you but does no damage. Pikel closely misses you.
The lemure hits you. The lemure closely misses you. You furiously retaliate!
You headbutt the lemure. You shoot a sling bullet.
The sling bullet misses the lemure.
Something hits you but does no damage. The lemure barely misses you.
Pikel closely misses you. The lemure hits you but does no damage.
You shoot a sling bullet. The sling bullet hits the lemure.
The sling bullet burns the lemure.
The lemure is almost dead.
Pikel hits you but does no damage.
You are electrocuted!
The lemure hits you but does no damage. Something hits you but does no damage.
The lemure barely misses you. You furiously retaliate!
You headbutt the lemure.
You kill the lemure!
That felt strangely unrewarding.
You shoot a sling bullet. The sling bullet hits the lemure!
The sling bullet burns the lemure.
The lemure is severely wounded.
Pikel misses you. You furiously retaliate!
You headbutt Pikel. Something hits you.
You shoot a sling bullet.
The sling bullet hits the lemure but does no damage.
The lemure is severely wounded.
Pikel closely misses you. The lemure hits you.
The lemure completely misses you.
Pikel says, "You'll feel the lick of my whip!"
Pikel zaps a wand.
The puff of flame hits you! The lemure hits you.
You die...

##. ##..
... #.. .
..## ..
#..# #..#
#..## g..#
#.<.#g?.#
#{.@K5#
#.....55##
##......#
#.......
#.###...#
..# ###..
### #.# ..


You could see Pikel, 3 lemures, Ijyb and a hobgoblin.

Vanquished Creatures
  A lemure (D:4)
  4 orc priests (D:3)
  Jessica (D:2)
  An adder (D:3)
  2 worms
  9 dart slugs (D:3)
  17 orcs (D:3)
  3 ball pythons
  5 endoplasms
  6 goblins
  5 hobgoblins
  6 jackals
  7 kobolds
  5 quokkas
  3 bats
  4 frilled lizards
  9 rats
88 creatures vanquished.

Notes
Turn   | Place    | Note
-------+----------+-------------------------------------------
     0 | D:1      | qw the Minotaur Hexslinger began the quest for the Orb.
     0 | D:1      | Reached XP level 1. HP: 16/16 MP: 1/1
     0 | D:1      | 0 ||| qw: Version: 0.3-a-46-gb1f654a
     0 | D:1      | 0 ||| qw: Game counter: 1923
     0 | D:1      | 0 ||| qw: Melee chars always use a shield: true
     0 | D:1      | 0 ||| qw: God list: Okawaru
     0 | D:1      | 0 ||| qw: Allow faded altars: false
     0 | D:1      | 0 ||| qw: Do Orc after clearing Dungeon:15 true
     0 | D:1      | 0 ||| qw: Do second Lair branch before Depths: true
     0 | D:1      | 0 ||| qw: Lair rune preference: random
     0 | D:1      | 0 ||| qw: Goals: Normal
     0 | D:1      | 0 ||| PLANNING D:1-11
   171 | D:1      | Found a faded altar of an unknown god.
   221 | D:1      | Reached skill level 3 in Ranged Weapons
   221 | D:1      | Reached XP level 2. HP: 23/23 MP: 2/2
   321 | D:1      | 321 ||| FLEEEEING.
   568 | D:1      | 568 ||| READING 2 scrolls labelled NOGROMAYG.
   569 | D:1      | 569 ||| DRINKING 2 bubbling clear potions.
   570 | D:1      | 570 ||| DROPPING scroll of poison.
   618 | D:2      | Reached XP level 3. HP: 21/29 MP: 3/3
   655 | D:2      | 655 ||| SWAPPING to +1 sling of flaming.
   656 | D:2      | 656 ||| DROPPING +1 sling.
   731 | D:2      | Noticed Jessica
   735 | D:2      | 735 ||| FLEEEEING.
   736 | D:2      | 736 ||| FLEEEEING.
   737 | D:2      | 737 ||| FLEEEEING.
   738 | D:2      | 738 ||| FLEEEEING.
   742 | D:2      | 742 ||| FLEEEEING.
   744 | D:2      | HP: 7/29 [Jessica/nerve-wracking pain (6)]
   745 | D:2      | Killed Jessica
   746 | D:2      | Reached skill level 4 in Ranged Weapons
  1223 | D:2      | Reached XP level 4. HP: 29/36 MP: 4/4
  1223 | D:2      | 1223 ||| FLEEEEING.
  1224 | D:2      | 1224 ||| FLEEEEING.
  1225 | D:2      | 1225 ||| FLEEEEING.
  1361 | D:2      | 1361 ||| UPGRADING to +0 leather armour.
  1371 | D:2      | 1371 ||| DROPPING +0 robe.
  1372 | D:2      | 1372 ||| UPGRADING to +0 pair of boots.
  1377 | D:2      | 1377 ||| UPGRADING to +0 pair of gloves.
  1382 | D:2      | 1382 ||| READING scroll labelled YLEZIE XYUMETAT.
  1383 | D:2      | 1383 ||| READING 2 scrolls of identify.
  1383 | D:2      | 1383 ||| IDENTIFYING bubbling amethyst potion
  1384 | D:2      | 1384 ||| DROPPING potion of invisibility.
  1406 | D:3      | 1406 ||| Stepping ~*~*~tactically~*~*~ (outnumbered).
  1408 | D:3      | 1408 ||| FLEEEEING.
  1409 | D:3      | 1409 ||| STAIRDANCE
  1429 | D:3      | 1429 ||| Stepping ~*~*~tactically~*~*~ (outnumbered).
  1434 | D:3      | 1434 ||| FLEEEEING.
  1435 | D:3      | 1435 ||| STAIRDANCE
  1473 | D:3      | 1473 ||| Stepping ~*~*~tactically~*~*~ (outnumbered).
  1489 | D:3      | 1489 ||| FLEEEEING.
  1490 | D:3      | 1490 ||| STAIRDANCE
  1554 | D:3      | Reached skill level 5 in Ranged Weapons
  1661 | D:3      | Reached skill level 3 in Fighting
  1662 | D:3      | Reached XP level 5. HP: 45/45 MP: 5/5
  1679 | D:3      | 1679 ||| FLEEEEING.
  1680 | D:3      | 1680 ||| FLEEEEING.
  1681 | D:3      | 1681 ||| FLEEEEING.
  1682 | D:3      | 1682 ||| FLEEEEING.
  1683 | D:3      | 1683 ||| FLEEEEING.
  1684 | D:3      | 1684 ||| FLEEEEING.
  1685 | D:3      | 1685 ||| FLEEEEING.
  1686 | D:3      | 1686 ||| FLEEEEING.
  2133 | D:3      | Found a blossoming altar of Fedhas.
  2204 | D:3      | Found a hazy altar of Hepliaklqana.
  2390 | D:3      | Reached skill level 6 in Ranged Weapons
  2390 | D:3      | Reached XP level 6. HP: 44/51 MP: 6/6
  2391 | D:3      | 2391 ||| FLEEEEING.
  2392 | D:3      | 2392 ||| FLEEEEING.
  2393 | D:3      | 2393 ||| STAIRDANCE
  2412 | D:2      | 2412 ||| UPGRADING to +1 hat.
  2417 | D:2      | 2417 ||| UPGRADING to +0 ring mail.
  2427 | D:2      | 2427 ||| DROPPING +0 leather armour.
  2428 | D:2      | 2428 ||| READING scroll labelled CEQIBA OPAP.
  2429 | D:2      | 2429 ||| READING scroll labelled GESSOSK NUUCOA.
  2480 | D:3      | Found a shadowy altar of Dithmenos.
  2623 | D:4      | Noticed Pikel
  2623 | D:4      | Noticed Sigmund
  2628 | D:4      | Noticed Ijyb
  2635 | D:4      | HP: 11/51 [something (6)]
  2636 | D:4      | HP: 1/51 [Pikel/puff of flame (8)]
  2636 | D:4      | Slain by a lemure

Levels and vault maps discovered:
D:1:      ncdulo_halloftheorcs, layout_basic,
          hellmonk_ecumenical_altar_leap_of_faith
D:2:      layout_loops_ring, uniq_jessica
D:3:      kennysheep_slugbush, layout_loops_corners,
          nicolae_overflow_hidden_temple, mainiacjoe_overflow_tiny_flanked,
          old_standard_altar
D:4:      dreamdust_elfheim, layout_layer_cave, mainiacjoe_overflow_boulevard,
          temple_hall, nicolae_shop_gadgets, uniq_pikel, uniq_blork_the_orc,
          uniq_ijyb, uniq_sigmund

Skill      XL: |  1  2  3  4  5 |
---------------+----------------+-----
Ranged Weapons | 3 4 5 6 |  6.0
Fighting       | 2 3 |  3.3
Armour         | 2 |  2.0
Dodging        | |  2.1
Spellcasting   | |  1.0
Hexes          | |  2.0

Action                     |  1- 3 |  4- 6 || total
---------------------------+-------+-------++-------
   Fire: Sling             |   106 |   152 ||   258
    Use: Scroll            |     1 |     4 ||     5
         Potion            |     1 |       ||     1
 Armour: Robe              |    12 |       ||    12
         Leather armour    |       |    16 ||    16
         Ring mail         |       |    16 ||    16
  Dodge: Dodged            |    21 |    57 ||    78

Table legend:
 A = Non-vault XP
 B = Vault XP
 C = Vault XP percentage of total XP
 D = Non-vault monster count
 E = Vault monster count
 F = Vault count percentage of total count
                 A         B        C        D         E       F
            +---------+---------+-------+---------+---------+-------
      Total |     329 |      69 |  17.3 |      78 |       9 |  10.3
            +---------+---------+-------+---------+---------+-------
        D:1 |      38 |       0 |   0.0 |      25 |       0 |   0.0
        D:2 |      28 |      37 |  56.9 |      13 |       1 |   7.1
        D:3 |     263 |      32 |  10.8 |      40 |       8 |  16.7
            +---------+---------+-------+---------+---------+-------
